[Event "Early-Titled-Tuesday-Blitz-September-26-2023"]
[Site "Chess.com"]
[Date "2023.09.26"]
[Round "1"]
[White "Rutricks"]
[Black "Rozhkov_V"]
[Result "1/2-1/2"]
[WhiteElo "2687"]
[BlackElo "2401"]
[TimeControl "180+1"]
[EndTime "8:09:20 PDT"]
[Termination "Game drawn by repetition"]

1. Nf3 Nf6 2. c4 e6 3. b3 d5 4.
Bb2 Be7 5. e3 O-O 6. Be2 b6 7.
O-O Bb7 8. Nc3 Nbd7 9. Rc1 Rc8 10. Qc2 c5 11. Rfd1 a6 12. Qb1 Qc7 13. cxd5 exd5 14. d4 Qb8 15. dxc5 bxc5 16. Bd3 Bd6 17. Bf5 Rcd8 18.
Ne2 Ne4 19. Ng3 Ndf6 20. Qc2 Rfe8 21. Qd3 g6 22. Bh3 Nxg3 23. hxg3 Ne4 24. Nd2 Be5 25. Bxe5 Qxe5 26. Nxe4 dxe4 27. Qxd8 Rxd8 28. Rxd8+ Kg7 29. Bc8 Qc7 30. Bxb7 Qxd8 31. Bxe4 Qa5 32. a4 Qb4 33. Bd5 Qd2 34. Rxc5 Qb4 35. Rc7 Qe1+ 36. Kh2 Kh6 37. Rxf7 Qd2 38. Bc4 Kg5 39. e4 Qd4 40. f4+ Kh6 41.
e5 Qd1 42. e6 Qh5+ 43. Kg1 Qd1+ 44. Kf2 Qd2+ 45. Kf3 Qc3+ 46. Ke4 Qe1+ 47. Kd5 Qd2+ 48. Kc6 Qxg2+ 49. Bd5 Qc2+ 50. Kd7 Qc5 51. Bc4 Qa7+ 52. Kd6 Qd4+ 53. Kc6 Qe4+ 54. Bd5 Qc2+ 55. Kd6 Qc8 56. e7 Qb8+ 57. Ke6 Qc8+ 58. Kf6 Qh8+ 59. Ke6 Qc8+ 60. Ke5 Qc7+ 61. Kd4 Qb6+ 62. Ke5 Qc7+ 63. Ke4 Qc8 64. Rf8 Qc2+ 65. Kd4 Qd2+ 66. Kc5 Qe3+ 67. Kd6 Qb6+ 68. Bc6 Qd4+ 69. Kc7 Qa7+ 70. Kd8 Qb8+ 71. Kd7 Qa7+ 72.
Ke6 Qe3+ 73. Kf7 Qxb3+ 74. Kf6 Qc3+ 75. Kf7 Qc4+ 76. Kf6 Qxc6+ 77. Kf7 Qd5+ 78. Kf6 Qd6+ 79. Kf7 Qd5+ 80. Kf6 Qd4+ 81. Kf7 Qd5+ 1/2-1/2

[Event "Early-Titled-Tuesday-Blitz-September-26-2023"]
[Site "Chess.com"]
[Date "2023.09.26"]
[Round "1"]
[White "Lion-Al-Messi"]
[Black "rk12387"]
[Result "0-1"]
[WhiteElo "2676"]
[BlackElo "2404"]
[TimeControl "180+1"]
[EndTime "8:09:20 PDT"]
[Termination "rk12387 won by resignation"]

1. e4 c5 2. Nf3 d6 3. d4 cxd4 4. Nxd4 Nf6 5. Nc3 g6 6. Be2 Bg7 7.
O-O O-O 8. Be3 Nc6 9. h3 d5 10. exd5 Nxd5 11. Nxd5 Nxd4 12. Bxd4 Qxd5 13. Bxg7 Qxd1 14.
Raxd1 Kxg7 15. Rfe1 Be6 16. Bf3 Rad8 17. Bxb7 Rxd1 18. Rxd1 Rb8 19. Bd5 Bxd5 20. Rxd5 Rxb2 21. Ra5 Rxc2 22. Rxa7 Rc1+ 23. Kh2 e6 24. g4 Rc2 25. Kg3 g5 26. a4 Ra2 27. a5 h6 28. a6 Ra4 29. Ra8 Ra1 30. Kf3 Ra3+ 31. Kg2 Ra2 32.
Kg3 Ra4 33. a7 Ra1 34. Kf3 Ra3+ 35. Ke4 Ra1 36. Kd4 Ra5 37. Kc4 Ra1 38. Kb5 Rb1+ 39. Kc6 Rc1+ 40. Kb6 Rb1+ 41. Kc7 Rc1+ 42. Kd6 Ra1 43.
Ke7 Ra2 44. f3 Ra4 45. Ke8 Ra3 46. Kd7 Ra1 47. Kd6 Ra2 48. Ke5 Ra5+ 49. Ke4 Ra4+ 50. Ke3 Ra1 51. Kf2 Ra2+ 52. Kg3 Ra3 53. h4 Ra4 54.
Kg2 Ra2+ 55. Kh3 Ra3 56. Kg3 Ra4 57. Kh3 Ra3 58. Kg2 Ra2+ 59. Kf1 Ra3 60. Ke2 Ra2+ 61. Kd3 gxh4 62. Rb8 Rxa7 63. Rb1 Kg6 64. Ke3 e5 65.
Rb6+ f6 66. Rb8 Rg7 67. Kf2 Kg5 68. Kg2 h5 69. gxh5 Kxh5+ 70. Kh2 f5 71. Rf8 Kg5 72. Kh3 Rh7 73. Ra8 Kf4 74. Ra3 e4 75. fxe4 fxe4 76.
Ra8 Kf3 77. Rf8+ Ke2 78. Re8 e3 79. Re6 Kd2 80. Rd6+ Ke1 81. Re6 e2 82. Re8 Rd7 83.
Ra8 Rf7 84. Kg2 h3+ 85. Kg3 Kf1 86. Ra1+ 0-1

[Event "Early-Titled-Tuesday-Blitz-September-26-2023"]
[Site "Chess.com"]
[Date "2023.09.26"]
[Round "1"]
[White "infinitegiantkiller"]
[Black "Willychess95"]
[Result "1-0"]
[WhiteElo "2451"]
[BlackElo "2722"]
[TimeControl "180+1"]
[EndTime "8:09:23 PDT"]
[Termination "infinitegiantkiller won by checkmate"]

1. d4 Nf6 2. c4 e6 3. Nf3 Bb4+ 4. Bd2 a5 5. a3 Bxd2+ 6. Qxd2 d5 7. e3 O-O 8. Nc3 b6 9. Bd3 Bb7 10. cxd5 exd5 11. Ne5 Nbd7 12. f4 Re8 13. O-O Ne4 14. Nxe4 dxe4 15. Bc4 Nf6 16. Bxf7+ Kh8 17. Bxe8 Qxe8 18.
Rac1 Nd5 19. Qf2 Kg8 20. Qg3 Qd8 21. Nc6 Qf6 22. Ne5 Re8 23. Rfe1 Qd6 24. Qh3 Bc8 25. Qh4 Bb7 26. Qf2 Re7 27. Rc2 Qh6 28. Rec1 Qh5 29. Qe2 Qe8 30. Nc6 Rf7 31. b4 axb4 32.
Nxb4 Qd8 33. Nxd5 Bxd5 34. Qb5 c6 35. Qb4 h6 36. a4 g5 37. fxg5 Qxg5 38. Qd2 Rf3 39.
Re1 Rf6 40. Rf1 Rg6 41. Qf2 Kh7 42. Qe2 b5 43. axb5 cxb5 44. Qf2 Bc4 45. Re1 Rf6 46. Qd2 Qg8 47. h3 Qg3 48. Kh1 Rf7 49. Rg1 Be6 50.
Qe1 Qg5 51. Rb2 Rg7 52. Rc2 Bf5 53. Rc5 b4 54. Qxb4 Qg6 55. Qe1 Be6 56. Qf2 Rf7 57. Qh4 Rg7 58. Re5 Bc4 59. Qxe4 Qxe4 60. Rxe4 Bd3 61.
Rf4 Re7 62. Re1 Bg6 63. Kg1 h5 64. Kf2 Kh6 65. h4 Kg7 66. g3 Rc7 67. Re2 Be8 68.
Rd2 Bb5 69. d5 Rc1 70. e4 Kg6 71. Rf5 Bd7 72. Rg5+ Kh6 73. e5 Bb5 74. d6 Rf1+ 75. Ke3 Re1+ 76. Kd4 Bc6 77. Kc5 Bd7 78. Kb6 Rc1 79.
Re2 Be6 80. d7 Bxd7 81. e6 Rc6+ 82. Kb7 Rxe6 83. Rxe6+ Bxe6 84. Kc6 Ba2 85. Kd6 Bb3 86. Ke5 Bd1 87. Kf6 Be2 88. Rg6+ Kh7 89. Kg5 Bd1 90. Rh6+ Kg7 91. Rxh5 Bc2 92. Rh6 Bb1 93. Rb6 Bd3 94. Rb7+ Kf8 95. Kf6 Be4 96. Rb8# 1-0

[Event "Early-Titled-Tuesday-Blitz-September-26-2023"]
[Site "Chess.com"]
[Date "2023.09.26"]
[Round "1"]
[White "Kotofeyca"]
[Black "djokovic74"]
[Result "0-1"]
[WhiteElo "2400"]
[BlackElo "2700"]
[TimeControl "180+1"]
[EndTime "8:09:25 PDT"]
[Termination "djokovic74 won on time"]

1. d4 e6 2. c4 Nf6 3. Nf3 Bb4+ 4. Nbd2 d5 5. Qa4+ Nc6 6. Ne5 Bd7 7. Nxc6 Bxd2+ 8. Bxd2 Bxc6 9. Qc2 dxc4 10. Qxc4 Ne4 11. Bf4 Qf6 12. Be3 O-O 13. f3 Qh4+ 14. g3 Qh5 15. fxe4 Bxe4 16. Rg1 Qxh2 17. O-O-O Bd5 18. Qd3 Qh5 19. Bg2 Rac8 20. Rh1 Qg6 21. Qxg6 hxg6 22. Bxd5 exd5 23. Kd2 Rfe8 24. Kd3 Re4 25. Rdf1 Rce8 26. Rf3 f6 27. Rh2 R4e6 28. Bf4 Rc6 29. Bd2 Rb6 30. Bc3 Ra6 31. a3 Rae6 32. Rhf2 Re4 33. Ba5 c6 34. Bd2 Rg4 35. Rg2 Rge4 36. Re3 g5 37. Rxe4 Rxe4 38.
Rf2 Re8 39. Rf3 Kf7 40. Re3 Rh8 41. Rf3 Ke6 42. Rf1 Rh3 43. Be1 Rh2 44. Ke3 Rh8 45.
Kf3 Kf5 46. g4+ Kg6 47. Kg2 Re8 48. Kf3 Rh8 49. e3 Rh3+ 50. Bg3 Rh8 51. Kg2 Re8 52. Bf2 Re4 53. Kf3 Re8 54. Rh1 Rc8 55. Bg3 Re8 56.
Rh2 Re7 57. Re2 Re4 58. Re1 Kf7 59. Rh1 Re8 60. Rh7 Kg6 61. Rh2 Kf7 62. Rc2 g6 63. Re2 Re4 64. b4 f5 65. gxf5 gxf5 66. Rh2 f4 67.
Bf2 g4+ 68. Kxg4 fxe3+ 69. Kf3 exf2 70. Rxf2 Ke6 71. Rd2 Kd6 72. Rd1 Rh4 73. Ke2 Rh3 74.
Rd3 Rxd3 75. Kxd3 Ke6 76. Ke3 Kf5 77. Kf3 b5 78. Ke3 Kg4 79. Ke2 Kf4 80. Kd3 Kf3 81. Kd2 Ke4 82. Kc3 Ke3 0-1

[Event "Early-Titled-Tuesday-Blitz-September-26-2023"]
[Site "Chess.com"]
[Date "2023.09.26"]
[Round "1"]
[White "ljm509"]
[Black "Boundless_Strike"]
[Result "1-0"]
[WhiteElo "2322"]
[BlackElo "2602"]
[TimeControl "180+1"]
[EndTime "8:09:34 PDT"]
[Termination "ljm509 won by checkmate"]

1. e4 d6 2. d4 e5 3. Nf3 Bg4 4. dxe5 Nc6 5. exd6 Bxd6 6. Nbd2 Qe7 7. c3 O-O-O 8. Qc2 Nf6 9. Bd3 Ne5 10. Nxe5 Qxe5 11. h3 Bh5 12. Nc4 Qe6 13. O-O Rhe8 14. Re1 Bg6 15.
Bg5 h6 16. Bh4 Bc5 17. b4 Be7 18. Bg3 Bf8 19. Rad1 Bxe4 20. Bxe4 Rxd1 21. Bf5 Rxe1+ 22. Kh2 Nd7 23. Bxe6 R1xe6 24. Qf5 Rf6 25. Qa5 Nb6 26. Nxb6+ axb6 27. Qa8+ Kd7 28. Qxb7 Bd6 29. Qd5 Rfe6 30. c4 Ke7 31. c5 Bxg3+ 32. fxg3 bxc5 33. bxc5 c6 34. Qd4 g6 35. Qh4+ g5 36. Qd4 Rd8 37. Qc3 Rd5 38.
Qb4 Ree5 39. Qb7+ Kf8 40. Qxc6 Kg7 41. Qb6 Rxc5 42. Qb2 Kg6 43. Qb1+ Kg7 44. Qb2 Kg6 45. g4 Kg7 46. a4 Ra5 47. Qd4 f6 48. Qd7+ Kg6 49.
Qd3+ Kg7 50. Kg3 Rad5 51. Qc4 Ra5 52. Qd4 Red5 53. Qe4 Re5 54. Qb7+ Kg6 55. Qb1+ Kg7 56. Qd3 Rad5 57. Qb3 Ra5 58. Kh2 Rad5 59. Qc3 Ra5 60.
Qd3 Rad5 61. Qc4 Ra5 62. Qc7+ Kg6 63. Qc2+ Kg7 64. g3 Rad5 65. h4 Rd7 66. Kh3 gxh4 67.
gxh4 Rdd5 68. h5 Re3+ 69. Kh4 Rg5 70. Qc7+ Kg8 71. Qd8+ Kf7 72. Qc7+ Re7 73. Qc4+ Kg7 74. Qd4 Rge5 75. Qd3 Re4 76. a5 Ra4 77. Qg6+ Kf8 78. Qxf6+ Rf7 79. Qd6+ Kg7 80. Qe5+ Kg8 81. Qe8+ Kg7 82.
Qxa4 Ra7 83. Qd4+ Kg8 84. Qxa7 Kh8 85. Qb7 Kg8 86. a6 Kh8 87. a7 Kg8 88. a8=Q# 1-0

[Event "Early-Titled-Tuesday-Blitz-September-26-2023"]
[Site "Chess.com"]
[Date "2023.09.26"]
[Round "1"]
[White "ashookk"]
[Black "ArmanGhevondyanchess"]
[Result "0-1"]
[WhiteElo "2223"]
[BlackElo "2587"]
[TimeControl "180+1"]
[EndTime "8:09:37 PDT"]
[Termination "ArmanGhevondyanchess won on time"]

1. Nf3 Nf6 2. c4 g6 3. Nc3 d5 4.
cxd5 Nxd5 5. e4 Nxc3 6. bxc3 Bg7 7. d4 O-O 8. Be3 c5 9. Rc1 Qa5 10. Qd2 Rd8 11. d5 e6 12. c4 Qxd2+ 13. Nxd2 b6 14.
Be2 Bb7 15. O-O Nd7 16. Rfd1 e5 17. a4 h6 18. Ra1 f5 19. f3 f4 20. Bf2 Bf8 21.
a5 Bd6 22. Rdb1 Bc7 23. Rb2 Nf6 24. Nb1 Ne8 25. Nc3 Nd6 26. Nb5 Nxb5 27. Rxb5 Ba6 28. Rb2 Rd6 29. axb6 Rxb6 30. Rba2 Bc8 31. Bxc5 Rb7 32. Bf2 a5 33. c5 Kf7 34. d6 Bd8 35. c6 Rb4 36. c7 Bf6 37. Be1 Rd4 38. Rd1 Ke6 39. Rxa5 Rxa5 40. Bxa5 Kxd6 41. Rb1 Ra4 42.
Bb6 Be6 43. Bb5 Ra2 44. Rd1+ Ke7 45. Bc5+ Kf7 46. c8=Q Bxc8 47. Bc4+ Be6 48. Bxa2 Bxa2 49. Ra1 Bc4 50. Ra7+ Ke6 51. Rc7 h5 52. Bf2 Ba2 53.
h4 Be7 54. Ra7 Bc4 55. Ra6+ Kf7 56. Ra5 Ke6 57. Ra4 Bb3 58. Ra7 Bc4 59. Kh2 Bb3 60.
Ra5 Bc4 61. Kh3 Bb3 62. Bc5 Bf6 63. Ra6+ Kf7 64. Ra7+ Ke6 65. Rb7 Bc4 66. Rb6+ Kf7 67. Bb4 Bb3 68. Bc3 Ba2 69. Rb5 Ke6 70. Ra5 Bc4 71. Rc5 Ba2 72. g3 fxg3 73. Kxg3 Bb3 74. Ra5 Bc2 75. Kf2 Bb3 76. Kg3 Bc2 77. Bb4 Bb3 78.
Ra6+ Kf7 79. Bd6 Bc4 80. Rb6 Ke6 81. f4 exf4+ 82. Bxf4+ Kf7 83. e5 Be7 84. Bg5 Ba3 85. Rf6+ Kg7 86. e6 Bd6+ 87. Kf2 Be5 88. Rf7+ Kg8 0-1

[Event "Early-Titled-Tuesday-Blitz-September-26-2023"]
[Site "Chess.com"]
[Date "2023.09.26"]
[Round "1"]
[White "PattyCastillo"]
[Black "Misticpikachu"]
[Result "0-1"]
[WhiteElo "1883"]
[BlackElo "2533"]
[TimeControl "180+1"]
[EndTime "8:09:39 PDT"]
[Termination "Misticpikachu won by resignation"]

1. d4 d5 2. Nf3 e6 3. e3 Nf6 4. Bd3 Bd6 5. O-O O-O 6. b3 Nbd7 7. Bb2 c6 8. Nbd2 Qc7 9. c4 e5 10.
cxd5 Nxd5 11. Bc4 exd4 12. Nxd4 N7f6 13. N2f3 Bg4 14. h3 Bh5 15. Rc1 Bg6 16. Bxd5 Nxd5 17. Nb5 Qe7 18. Nxd6 Qxd6 19. Ne5 Rad8 20. Nxg6 Qxg6 21.
Qe2 Nb4 22. Ba3 a5 23. Rfd1 h6 24. Bxb4 axb4 25. Qc4 Rxd1+ 26. Rxd1 Ra8 27. Qxb4 Rxa2 28. Qxb7 Qf6 29. Rf1 Rc2 30. b4 Rb2 31. Qa8+ Kh7 32.
Qa3 g6 33. Qa4 Qc3 34. Qa7 Kg7 35. Qa1 Kh7 36. Qa7 Qf6 37. Qc5 Kg7 38. e4 Re2 39. f3 Qb2 40. Rf2 Rxf2 41. Qxf2 Qxb4 42. Kh2 Qd6+ 43.
Kg1 c5 44. Qb2+ Kh7 45. Qc3 Qc6 46. Qc4 Kg8 47. Kf2 Qb6 48. Ke3 Qd6 49. f4 Qd1 50. e5 h5 51. e6 Qe1+ 52. Kf3 Qxe6 53. Qxc5 Kh7 54. Qc3 Qd5+ 55. Kf2 Qe4 56. g3 Qh1 57. Qc7 Kg8 58. Qc8+ Kg7 59. Qc3+ Kh7 60. Qc7 Qd5 61.
g4 Qd2+ 62. Kg3 Qe3+ 63. Kg2 Qe6 64. gxh5 gxh5 65. f5 Qxf5 66. Qc6 Qg6+ 67. Qxg6+ Kxg6 68. Kg3 Kg5 69. h4+ Kf5 70. Kf3 f6 71. Kg3 Ke4 72. Kf2 Kf4 73. Kg2 Kg4 74. Kh2 Kxh4 75. Kg2 Kg5 76.
Kf2 f5 77. Kg3 h4+ 78. Kh3 Kh5 79. Kg2 Kg4 80. Kh2 f4 81. Kg2 f3+ 82. Kf2 Kf4 83.
Kg1 Kg3 84. Kh1 h3 85. Kg1 h2+ 86. Kh1 Kf2 87. Kxh2 Ke2 88. Kg1 f2+ 89. Kg2 f1=Q+ 90. Kg3 Qf3+ 0-1

[Event "Early-Titled-Tuesday-Blitz-September-26-2023"]
[Site "Chess.com"]
[Date "2023.09.26"]
[Round "1"]
[White "Gabix_94"]
[Black "Chaos_Magic"]
[Result "1/2-1/2"]
[WhiteElo "2695"]
[BlackElo "2424"]
[TimeControl "180+1"]
[EndTime "8:09:49 PDT"]
[Termination "Game drawn by repetition"]

1. e4 e5 2. Nf3 Nc6 3. Bb5 a6 4. Ba4 Nf6 5. d4 exd4 6. e5 Ne4 7. Bb3 d5 8. Nxd4 Bc5 9. Be3 Nxe5 10. O-O Ng4 11. Nc3 Qh4 12. Nf3 Nxe3 13. Qe2 Nxc3 14. bxc3 Qh6 15. Rfe1 O-O 16. fxe3 c6 17. c4 Bg4 18.
cxd5 Rae8 19. Kh1 Rxe3 20. Qf1 Bxf3 21. gxf3 Rfe8 22. Rxe3 Qxe3 23. dxc6 bxc6 24. Rd1 h6 25. Rd7 Kh8 26. Bxf7 Rb8 27. Bb3 Rf8 28. Rd3 Qf4 29. Rc3 Bb4 30. Rc4 Qd6 31. Qd3 Qe6 32. Re4 Qd6 33. Qxd6 Bxd6 34. Re6 Rd8 35. Kg2 Kh7 36. Bc4 a5 37. Bd3+ Kg8 38. Bg6 Kf8 39. h4 c5 40.
h5 Be7 41. Kh3 Rd6 42. Re4 Rb6 43. Ra4 Bd8 44. Rxa5 Rxg6 45. Ra8 Rd6 46. a4 Ke7 47. a5 Rd7 48. a6 Bb6 49. Rb8 Ba7 50. Rg8 Kf6 51.
Kg4 Rf7 52. f4 c4 53. Rc8 c3 54. Rxc3 Bd4 55. Rc6+ Ke7 56. c3 Bf6 57. a7 Rf8 58. Rc7+ Ke6 59. Rb7 Ra8 60. c4 Be7 61. f5+ Kf7 62.
Rc7 Kf8 63. c5 Bxc5 64. Rxc5 Rxa7 65. Rc8+ Kf7 66. Rc4 Kf8 67. Rd4 Kf7 68. Rb4 Rc7 69. Kf4 Rd7 70. Ke5 Re7+ 71. Kd6 Ra7 72. Ke5 Re7+ 73.
Kf4 Ra7 74. Rc4 Rd7 75. Kg4 Rb7 76. Ra4 Rd7 77. Rf4 Rb7 78. Rc4 Rd7 79. Kf4 Rb7 80. Ke5 Re7+ 81. Kf4 Rb7 82. Ra4 Rc7 83. Ke5 Re7+ 84.
Kf4 Rc7 85. Ra6 Rd7 86. Rb6 Rc7 87. Ke5 Re7+ 88. Kf4 Rc7 89. Ra6 Rd7 90. Ke5 Rc7 91. f6 gxf6+ 92. Rxf6+ Kg7 93. Ra6 Kh7 94. Kf6 Rb7 95.
Re6 Rc7 96. Kf5 Rb7 97. Rd6 Rc7 98. Kf6 Rb7 99. Rc6 Ra7 100. Rb6 Rc7 101. Re6 Rb7 102. Re7+ Rxe7 103.
Kxe7 Kh8 104. Ke6 Kh7 105. Kf5 Kh8 106. Kf6 Kh7 107. Kf7 Kh8 108. Kg6 Kg8 109. Kxh6 Kh8 110. Kg5 Kh7 111. h6 Kh8 112. Kh5 Kh7 113. Kg5 Kh8 114. Kg6 Kg8 115. Kf5 Kh7 116. Kg5 1/2-1/2

[Event "Early-Titled-Tuesday-Blitz-September-26-2023"]
[Site "Chess.com"]
[Date "2023.09.26"]
[Round "1"]
[White "jraosam"]
[Black "vladgoncharov"]
[Result "1-0"]
[WhiteElo "2044"]
[BlackElo "2521"]
[TimeControl "180+1"]
[EndTime "8:10:07 PDT"]
[Termination "jraosam won on time"]

1. Nf3 Nf6 2. c4 c5 3. b3 g6 4. Bb2 Bg7 5. e3 O-O 6. Be2 d5 7. cxd5 Qxd5 8. O-O Nc6 9. Na3 b6 10. Rc1 Bb7 11. Nb5 Qd7 12. d4 a6 13. Na3 cxd4 14. Nxd4 Nxd4 15. Qxd4 Qe6 16. Nc4 b5 17. Na5 Rad8 18. Qa7 Bxg2 19. Kxg2 Rd2 20. Bxf6 Qxf6 21. Bf3 b4 22. Nc6 e5 23. Qe7 Qf5 24.
Qxb4 Qg5+ 25. Kh1 Rxa2 26. Bg2 h5 27. Ra1 Rxa1 28. Rxa1 e4 29. Rg1 Qh4 30. Qxe4 Qxf2 31. Bf3 Kh7 32. Bxh5 Bh6 33. Bxg6+ Kh8 34. Bh5 Qxe3 35.
Qg2 Qc3 36. Ne7 Qf6 37. Nd5 Qe5 38. Bf3 a5 39. Qh3 Qe6 40. Qh5 Rg8 41. Rxg8+ Kxg8 42.
Qg4+ Qxg4 43. Bxg4 Kg7 44. Bf5 Bd2 45. Kg2 Kh6 46. h4 Kh5 47. Kh3 Be1 48. Nf4+ Kh6 49.
Kg4 Kg7 50. Nd5 Kh6 51. h5 Bd2 52. Nc7 Kg7 53. Ne8+ Kh6 54. Nd6 Kg7 55. Nc4 Bc3 56. Nb6 Kh6 57. Nd5 Bd2 58. Be4 Kg7 59. Bf3 Bc1 60.
Kf5 Bd2 61. Be2 Bc1 62. Nc3 Bd2 63. Ne4 Bc1 64. Nd6 Bd2 65. Nc4 Bc3 66. Ke4 Kh6 67. Kd5 Kg5 68. Kc6 f5 69. Kb5 Kf4 70. Nxa5 Ke3 71. Bc4 f4 72. Bd5 f3 73. Bc4 f2 74.
Nc6 Kf4 75. h6 Kg5 76. h7 Kh6 77. Bd3 f1=Q 78. Bxf1 Kxh7 79. Kc4 Bd2 80. Kd3 Be1 81. Ne5 Kg7 82. Nf3 Bb4 83. Kc4 Ba5 84. Kb5 Bc3 85. Kc4 Ba5 86. Ng5 Kf6 87. Ne4+ Kg7 88.
Kb5 Be1 89. Kc4 Kh7 90. Nc3 Bf2 91. b4 Kg7 92. Ne4 Be3 93. Nc5 Kf7 94. b5 Ke7 95. Kd5 Ke8 96. Kc6 1-0

[Event "Early-Titled-Tuesday-Blitz-September-26-2023"]
[Site "Chess.com"]
[Date "2023.09.26"]
[Round "2"]
[White "lefonghua"]
[Black "spotbet"]
[Result "1-0"]
[WhiteElo "2616"]
[BlackElo "2366"]
[TimeControl "180+1"]
[EndTime "8:11:52 PDT"]
[Termination "lefonghua won by resignation"]

1. d4 Nf6 2. c4 e6 3. Nc3 Bb4 4. f3 c5 5. a3 Bxc3+ 6. bxc3 cxd4 7. cxd4 d5 8. cxd5 exd5 9. e3 O-O 10. Bd3 Re8 11.
Ne2 b6 12. O-O Ba6 13. Ng3 Bxd3 14. Qxd3 Nc6 15. Bb2 Na5 16. Rad1 Rc8 17. e4 Qd7 18.
e5 Nc4 19. Bc1 Nxe5 20. dxe5 Rxe5 21. Bb2 Re6 22. Bxf6 Rxf6 23. Qxd5 1-0

[Event "Early-Titled-Tuesday-Blitz-September-26-2023"]
[Site "Chess.com"]
[Date "2023.09.26"]
[Round "2"]
[White "GameOverBro"]
[Black "Aanna12"]
[Result "1-0"]
[WhiteElo "2424"]
[BlackElo "2102"]
[TimeControl "180+1"]
[EndTime "8:12:23 PDT"]
[Termination "GameOverBro won by resignation"]

1. e4 e5 2. Nf3 Nc6 3. Bb5 a6 4. Ba4 Nf6 5. d4 exd4 6. O-O Be7 7.
e5 Nd5 8. Nxd4 Nxd4 9. Qxd4 Nb6 10. Bb3 O-O 11. Bf4 d6 12. exd6 Bxd6 13. Bxd6 cxd6 14. Nc3 Bf5 15. Rad1 Qc8 16. Qxb6 1-0

[Event "Early-Titled-Tuesday-Blitz-September-26-2023"]
[Site "Chess.com"]
[Date "2023.09.26"]
[Round "2"]
[White "SchmakAttack"]
[Black "Orest_Vovk"]
[Result "1-0"]
[WhiteElo "2795"]
[BlackElo "2580"]
[TimeControl "180+1"]
[EndTime "8:12:28 PDT"]
[Termination "SchmakAttack won by resignation"]

1. d4 e6 2. Nf3 Nf6 3. c4 Bb4+ 4.
Bd2 a5 5. a3 Bxd2+ 6. Qxd2 a4 7. Nc3 d6 8. e4 O-O 9. Bd3 Nc6 10.
O-O e5 11. d5 Na5 12. Rae1 Nb3 13. Qd1 Nc5 14. Bc2 Bd7 15. Nd2 Nh5 16. Qxh5 1-0

[Event "Early-Titled-Tuesday-Blitz-September-26-2023"]
[Site "Chess.com"]
[Date "2023.09.26"]
[Round "2"]
[White "crazyluzhinTh3"]
[Black "Javylavilla"]
[Result "1-0"]
[WhiteElo "2513"]
[BlackElo "2293"]
[TimeControl "180+1"]
[EndTime "8:12:54 PDT"]
[Termination "crazyluzhinTh3 won by resignation"]

1. e4 c5 2. Nf3 e6 3. c3 Nf6 4. e5 Nd5 5. d4 cxd4 6. Bc4 Nc6 7. cxd4 d6 8. O-O Be7 9. Qe2 Nb6 10. Bb3 O-O 11.
Nc3 dxe5 12. dxe5 Nd4 13. Nxd4 Qxd4 14. Rd1 Qh4 15. Be3 Nd7 16. Rd4 Nxe5 17. Rxh4 Bxh4 18.
Bc5 1-0

[Event "Early-Titled-Tuesday-Blitz-September-26-2023"]
[Site "Chess.com"]
[Date "2023.09.26"]
[Round "2"]
[White "Der_Balak_3Halak"]
[Black "Maxterlopez"]
[Result "0-1"]
[WhiteElo "2378"]
[BlackElo "2753"]
[TimeControl "180+1"]
[EndTime "8:12:58 PDT"]
[Termination "Maxterlopez won by resignation"]

1. e4 e5 2. Nf3 Nc6 3. Bc4 Bc5 4. O-O Nf6 5. Nxe5 Nxe5 6. d4 Nxc4 7. dxc5 O-O 8. e5 Nxe5 9. Bg5 h6 10. Bh4 Ng6 11. Bg3 Ne4 12. Re1 Nxg3 13. hxg3 b6 14.
cxb6 axb6 15. Nc3 Bb7 16. Nd5 Bxd5 17. Qxd5 Ra5 18. Qb3 Re8 19. c4 Rxe1+ 20. Rxe1 Re5 21. Rd1 d6 22. a3 Qe7 23. Qc3 Re2 24. b3 Ne5 25. a4 Ng4 26. Rf1 Qe5 27. Qf3 Qh5 0-1

[Event "Early-Titled-Tuesday-Blitz-September-26-2023"]
[Site "Chess.com"]
[Date "2023.09.26"]
[Round "2"]
[White "cthake"]
[Black "Rital44"]
[Result "0-1"]
[WhiteElo "1874"]
[BlackElo "2557"]
[TimeControl "180+1"]
[EndTime "8:13:14 PDT"]
[Termination "Rital44 won by resignation"]

1. e4 c5 2. Nf3 Nc6 3. Bb5 g6 4.
Bxc6 dxc6 5. d3 Bg7 6. Nc3 e5 7. O-O Qe7 8. Bg5 f6 9. Be3 Be6 10. Na4 b6 11. b3 Nh6 12. h3 O-O 13. Nb2 Nf7 14. Qd2 Rfd8 15. Rad1 f5 16. Bg5 Nxg5 17.
Qxg5 Bf6 18. Qd2 fxe4 19. Nh2 exd3 20. Nxd3 e4 0-1

[Event "Early-Titled-Tuesday-Blitz-September-26-2023"]
[Site "Chess.com"]
[Date "2023.09.26"]
[Round "2"]
[White "AndrewB92"]
[Black "Lion-Al-Messi"]
[Result "0-1"]
[WhiteElo "2369"]
[BlackElo "2678"]
[TimeControl "180+1"]
[EndTime "8:13:21 PDT"]
[Termination "Lion-Al-Messi won by resignation"]

1. d4 d5 2. Nf3 Nf6 3. Bf4 c5 4. dxc5 e6 5. b4 a5 6. c3 axb4 7. cxb4 Nc6 8. Qb3 Ne4 9. Nbd2 Qf6 10. Rd1 Qxf4 11. e3 Nxd2 0-1

[Event "Early-Titled-Tuesday-Blitz-September-26-2023"]
[Site "Chess.com"]
[Date "2023.09.26"]
[Round "2"]
[White "esrosenberg"]
[Black "FunnyDuck66"]
[Result "1-0"]
[WhiteElo "2344"]
[BlackElo "2507"]
[TimeControl "180+1"]
[EndTime "8:13:25 PDT"]
[Termination "esrosenberg won by resignation"]

1. Nf3 Nf6 2. c4 e6 3. Nc3 d5 4. d4 Bb4 5. Qa4+ Nc6 6. cxd5 exd5 7. Bg5 O-O 8. Rc1 Re8 9. e3 Bg4 10. Be2 Bxf3 11. gxf3 h6 12. Bxf6 Qxf6 13. Kf1 Bxc3 14. Rxc3 a6 15. Rg1 Re7 16. f4 Rae8 17. Bf3 Qf5 18. Rc1 Re6 19. a3 Qd3+ 20. Be2 Qe4 21.
Qc2 Nxd4 22. Qxe4 Rxe4 23. Bd3 Nf3 24. Bxe4 Nxg1 25. Bg2 1-0

[Event "Early-Titled-Tuesday-Blitz-September-26-2023"]
[Site "Chess.com"]
[Date "2023.09.26"]
[Round "2"]
[White "andrzej"]
[Black "KVAIDAN"]
[Result "0-1"]
[WhiteElo "2459"]
[BlackElo "2258"]
[TimeControl "180+1"]
[EndTime "8:13:34 PDT"]
[Termination "KVAIDAN won by resignation"]

1. e4 e5 2. Nf3 d5 3. exd5 e4 4. Qe2 Nf6 5. d3 Bb4+ 6. Bd2 O-O 7. Bxb4 exf3 8. Qxf3 Re8+ 9. Kd2 Nxd5 10. Bc3 Qg5+ 11.
Kd1 Bg4 12. Be2 Bxf3 13. Bxf3 Nc6 14. Bd2 Qf6 15. Kc1 Nf4 16. Nc3 Nd4 17. Ne4 Qc6 18.
c3 Nxd3+ 19. Kb1 Nxf3 20. gxf3 Rxe4 21. fxe4 Qxe4 0-1

[Event "Early-Titled-Tuesday-Blitz-September-26-2023"]
[Site "Chess.com"]
[Date "2023.09.26"]
[Round "2"]
[White "wannabe2700"]
[Black "ShiroglanTalibov"]
[Result "1-0"]
[WhiteElo "2622"]
[BlackElo "2842"]
[TimeControl "180+1"]
[EndTime "8:13:46 PDT"]
[Termination "wannabe2700 won by resignation"]

1. f4 e5 2. Nf3 e4 3. Ng1 d5 4. d3 Nf6 5. c4 Bc5 6. Nc3 exd3 7.
cxd5 Bf5 8. e4 Nxe4 9. Nxe4 Bxe4 10. Qa4+ Nc6 11. Qxe4+ Ne7 12. Bxd3 Qd7 13. Be3 Qf5 1-0

[Event "Early-Titled-Tuesday-Blitz-September-26-2023"]
[Site "Chess.com"]
[Date "2023.09.26"]
[Round "2"]
[White "kuba2006"]
[Black "PedroGil25"]
[Result "0-1"]
[WhiteElo "2495"]
[BlackElo "2330"]
[TimeControl "180+1"]
[EndTime "8:13:55 PDT"]
[Termination "PedroGil25 won by resignation"]

1. b3 c5 2. Bb2 Nc6 3. e3 d5 4. f4 a6 5. Nf3 Nf6 6. Be2 g6 7.
O-O Bg7 8. Qe1 O-O 9. d3 d4 10.
e4 Ng4 11. Bc1 Ne3 12. Bxe3 dxe3 13. Nc3 Nd4 14. Bd1 Nxf3+ 15. Bxf3 Qd4 16. Nd5 e2+ 17.
Rf2 Qxa1 18. Qxa1 Bxa1 19. Nxe7+ Kg7 20. Rxe2 Bd4+ 21. Kf1 Be6 22. f5 Bf6 0-1

[Event "Early-Titled-Tuesday-Blitz-September-26-2023"]
[Site "Chess.com"]
[Date "2023.09.26"]
[Round "2"]
[White "Zarinur"]
[Black "HanSchut"]
[Result "1-0"]
[WhiteElo "2534"]
[BlackElo "2332"]
[TimeControl "180+1"]
[EndTime "8:13:57 PDT"]
[Termination "Zarinur won by resignation"]

1. c4 Nf6 2. Nc3 d5 3. cxd5 Nxd5 4. Nf3 c5 5. e3 Nc6 6. Bb5 Nb4 7. d4 cxd4 8. exd4 a6 9. Bxc6+ Nxc6 10. d5 Nb8 11.
O-O e6 12. dxe6 Bxe6 13. Nd4 Bd7 14. Re1+ Be7 15. Nd5 Be6 16. Nxe6 fxe6 17. Rxe6 Nc6 18. Bg5 Qd7 19. Bxe7 1-0

[Event "Early-Titled-Tuesday-Blitz-September-26-2023"]
[Site "Chess.com"]
[Date "2023.09.26"]
[Round "2"]
[White "Barmen_EV"]
[Black "JiiHart"]
[Result "1-0"]
[WhiteElo "2443"]
[BlackElo "2165"]
[TimeControl "180+1"]
[EndTime "8:14:06 PDT"]
[Termination "Barmen_EV won by resignation"]

1. e4 c5 2. c3 d5 3. exd5 Qxd5 4. d4 cxd4 5. cxd4 Nc6 6. Nf3 Bg4 7. Nc3 Bxf3 8.
Nxd5 Bxd1 9. Nc7+ Kd8 10. Nxa8 Bh5 11. Bf4 e6 12. f3 Nf6 13. Nc7 a6 14. Rc1 Bb4+ 15.
Kf2 Ba5 16. Nxa6 Bb6 17. Nc5 Nxd4 18. Nxb7+ Ke7 19. Bd6+ Kd7 20. Bc5 Rb8 21. Bxb6 1-0